Unix NetHack Version 3.7.0-88 Work-in-progress - last build Aug 2 2023 11:53:20 (50dcb167e66cc4b65203c8f4589b38ca9541e2bd,branch:master). Game began 2023-08-05 15:43:10, ended 2023-08-05 16:01:08. Ashpool, neutral male gnomish Archeologist ------ |[%).| ------- ---------- |!+?@| |......# ------ |........| |[?m@-( |...>.|# |....+ .........| ------# |..[..|# |....| |........-####-------- # #-.....|# |....| #-........| #.......| # #-------# |.....# #-------.-- |......| # ## # |_...|# # |......| ## # # |....|# # ###.......| ## # ## # ---.--#### # # |......| #--.----# # # # # # -------- #|.....|# # ###### #### -+- #### #|.....|# # # ## --.-- # #|.....|# #### # #--..<--# #|...{.|# #----|------ #####-..`...############# ------ #-....(-# #..........| ### --...-- ##### |....| ------- |..........### --.-- ##### |....| |.........| --- #######-....| ----------- ------ Ashpool the Field Worker St:15 Dx:11 Co:15 In:15 Wi:14 Ch:8 Neutral Dlvl:5 $:105 HP:0(21) Pw:15(15) AC:6 Xp:3/76 T:3267 Hungry Latest messages: You descend the stairs. Where do you want to travel to? (For instructions type a '?') Something is written here in the dust. You read: "E e???". Where do you want to travel to? (For instructions type a '?') You hear someone cursing shoplifters. You hear the footsteps of a guard on patrol. A rock piercer suddenly drops from the ceiling! You are almost hit by a falling rock piercer! You miss the rock piercer. You lash the rock piercer. You miss the rock piercer. You lash the rock piercer. You miss the rock piercer. You miss the rock piercer. You lash the rock piercer. You miss the rock piercer. You miss the rock piercer. You are beginning to feel hungry. You miss the rock piercer. You kill the rock piercer! The large kobold hits! You miss the large kobold. You miss the large kobold. The large kobold hits! You lash the large kobold. You lash the large kobold. You kill the large kobold! Where do you want to travel to? (For instructions type a '?') You hear someone cursing shoplifters. "Hello, Ashpool! Welcome again to Akalapi's general store!" "Will you please leave your pick-axe outside?" What do you want to adjust? [a-glzA-CE-GIJ or ?*] Adjust letter to what [eh-km-yDHK-Z] (? see used letters)? Moving: q - an uncursed +0 pick-axe. What do you want to drop? [$a-dfglqzA-CE-GIJ or ?*] You drop an uncursed +0 pick-axe. "Hello, Ashpool! Welcome again to Akalapi's general store!" Wait! That's a small mimic! You lash the small mimic. You lash the small mimic. You lash the small mimic. The small mimic hits! You lash the small mimic. The small mimic hits! You die... Akalapi gratefully inherits all your possessions. Inventory: Coins ('$') $ - 105 gold pieces Weapons (')') a - an uncursed +2 bullwhip (weapon in hand) Armor ('[') c - an uncursed +0 fedora E - an uncursed +0 pair of iron shoes (being worn) l - an uncursed rusty +0 dwarvish roundshield (being worn) b - an uncursed +0 leather jacket (being worn) Comestibles ('%') d - an uncursed food ration G - an uncursed food ration Scrolls ('?') C - an uncursed scroll of destroy armor B - an uncursed scroll of light Potions ('!') F - an uncursed potion of blindness Tools ('(') z - an uncursed sack containing 12 items A - an uncursed can of grease (0:25) f - an uncursed tinning kit (0:70) J - an uncursed wax candle Gems/Stones ('*') I - an uncursed emerald g - an uncursed touchstone Contents of the sack: an uncursed scroll of light an uncursed scroll of remove curse an uncursed spellbook of knock an uncursed spellbook of wizard lock an uncursed potion of extra healing a cursed potion of gain level an uncursed potion of hallucination an uncursed potion of invisibility an uncursed potion of sleeping an uncursed wand of locking (0:5) an uncursed wand of slow monster (0:7) an uncursed magic marker (0:65) Ashpool the Archeologist's attributes: Background: You were a Field Worker, a level 3 male gnomish Archeologist. You were neutral, on a mission for Camaxtli who was opposed by Quetzalcoatl (lawful) and Huhetotl (chaotic). You were in the Dungeons of Doom, on level 5. You entered the dungeon 3267 turns ago. You had 76 experience points, 4 more were needed to attain level 4. Basics: You had 0 out of 21 hit points. You had all 15 energy points (spell power). Your armor class was 6. Your wallet contained 105 zorkmids. Autopickup was on for '$"?' plus thrown, with exceptions. Final Characteristics: Your strength was 15 (limit:18/50). Your dexterity was 11 (limit:18). Your constitution was 15 (limit:18). Your intelligence was 15 (limit:19). Your wisdom was 14 (limit:18). Your charisma was 8 (limit:18). Final Status: You were hungry. You were unencumbered. You were wielding a whip. You had basic skill with whip. Final Attributes: You were piously aligned. You had automatic searching. You had infravision. You are dead. Miscellaneous: You disabled loading of bones levels. Total elapsed playing time was 17 minutes and 57 seconds. Major events: Turn 1: Ashpool the neutral male gnomish Archeologist entered the dungeon 1322: attained the rank of Field Worker (level 3) 2941: entered the Gnomish Mines 3267: killed by a small mimic Vanquished creatures: a rock piercer 2 dwarves a giant bat 2 iguanas a hobbit a manes a large kobold 3 giant rats a cave spider a green mold 3 geckos 3 jackals a fox 2 kobolds a sewer rat 5 grid bugs a bat 3 lichens 2 kobold zombies 12 newts 47 creatures vanquished. No species were genocided or became extinct. Voluntary challenges: You read items or engraved 7 times. You engraved Elbereth 2 times. You never genocided any monsters. You never polymorphed an object. You used no wishes. Achievements: You entered a shop. You attained the rank of Field Worker. You entered the Gnomish Mines. The Dungeons of Doom: levels 1 to 6 Level 1: Level 2: A general store, a fountain, some sinks. Stairs down to The Gnomish Mines. Level 3: Level 4: Level 5: <- You were here. A general store, an altar, a fountain. Final resting place for you, killed by a small mimic. Level 6: The Gnomish Mines: levels 3 to 4 Level 3: Level 4: Game over: ---------- / \ / REST \ / IN \ / PEACE \ / \ | Ashpool | | 105 Au | | killed by a | | small mimic | | | | | | 2023 | *| * * * | * _________)/\\_//(\/(/\)/\//\/|_)_______ Goodbye Ashpool the Archeologist... You died in The Dungeons of Doom on dungeon level 5 with 649 points, and 105 pieces of gold, after 3267 moves. You were level 3 with a maximum of 21 hit points when you died.